 Dungeon Crawl Stone Soup version 0.21.0-22-g11d5b52 (webtiles) character file.

157 mistymad the Conjurer (level 5, -3/38 HPs)
             Began as a Draconian Conjurer on Jan 19, 2018.
             Slain by an orc
             ... wielding a +0 trident
              (10 damage)
             ... on level 3 of the Dungeon.
             The game lasted 00:08:20 (2434 turns).

mistymad the Conjurer (Draconian Conjurer)          Turns: 2434, Time: 00:08:21

Health: -3/38      AC:  7    Str: 11    XL:     5   Next: 15%
Magic:  1/10       EV: 12    Int: 16    God:
Gold:   95         SH:  0    Dex: 11    Spells: 5/11 levels left

rFire    . . .     SeeInvis .   p - -2 dagger (curse)
rCold    . . .     Gourm    .   (no shield)
rNeg     . . .     Faith    .   (armour unavailable)
rPois    .         Spirit   .   (helmet restricted)
rElec    .         Reflect  .   (no cloak)
rCorr    .         Harm     .   o - +0 pair of gloves
MR       .....                  m - +0 pair of boots
Stlth    ++........             (no amulet)
HPRegen  0.12/turn              (no ring)
MPRegen  0.12/turn              (no ring)

@: very slightly contaminated
A: unfitting armour, cold-blooded, AC +5
a: no special abilities


You were on level 3 of the Dungeon.
You were not hungry.

You visited 1 branch of the dungeon, and saw 3 of its levels.

You collected 95 gold pieces.

Inventory:

Hand Weapons
 p - a cursed -2 dagger (weapon)
 t - a cursed -2 short sword
Missiles
 d - a throwing net (quivered)
 q - 39 stones
Armour
 m - a +0 pair of boots (worn)
 o - a +0 pair of gloves (worn)
Wands
 l - a wand of iceblast (13)
 s - a wand of digging (18)
Scrolls
 c - 3 scrolls of teleportation {unknown}
 e - 3 scrolls of enchant weapon {unknown}
 g - a scroll of remove curse {unknown}
 h - a scroll of fear {unknown}
 i - a scroll of identify {unknown}
 j - a scroll of blinking {unknown}
 n - a scroll of magic mapping {unknown}
Potions
 k - a potion of degeneration {unknown}
 r - a potion of resistance {unknown}
Books
 a - a book of Conjurations

   Spells                             Type                      Level
   a - Magic Dart                     Conjuration                  1
   b - Searing Ray                    Conjuration                  2
   c - Dazzling Spray                 Conjuration/Hexes            3
   d - Fulminant Prism                Conjuration/Hexes            4
   e - Force Lance                    Conjuration/Translocation    4
   f - Iskenderun's Mystic Blast      Conjuration                  4
Comestibles
 b - 2 rations
 f - 4 chunks of flesh


   Skills:
 - Level 1.7 Dodging
 - Level 1.7 Stealth
 + Level 3.8 Spellcasting
 + Level 5.3 Conjurations


You had 5 spell levels left.
You knew the following spells:

 Your Spells              Type           Power        Failure   Level  Hunger
a - Magic Dart            Conj           ###.         1%          1    None
b - Searing Ray           Conj           ###...       2%          2    ##.....
c - Dazzling Spray        Conj/Hex       ##....       17%         3    ###....


Dungeon Overview and Level Annotations

Branches:
Dungeon (3/15)

Altars:
Fedhas
Qazlal
Uskayaw

Annotations:
D:3 2 transporters


Innate Abilities, Weirdness & Mutations

Your plain brown scales are hard. (AC +5)
You cannot fit into any form of body armour.
You are cold-blooded and may be slowed by cold attacks.


Message History

You closely miss the orc. The orc misses you.
You barely miss the orc. The orc barely misses you.
You hit the orc but do no damage. The orc hits you with a trident.
Aim: an orc, wielding a trident and wearing a chain mail (heavily wounded)
You miscast Magic Dart.
You are very lightly contaminated with residual magic.
Nothing appears to happen.
The orc barely misses you.
You now have 0/10 mp.
You hit the orc but do no damage. The orc hits you but does no damage.
You hit the orc. The orc hits you but does no damage.
You hit the orc but do no damage. You hit the orc but do no damage.
The orc hits you with a trident.
* * * LOW HITPOINT WARNING * * *
You take 2 damage, and have 11/38 hp.
You hit the orc but do no damage. The orc hits you with a trident.
* * * LOW HITPOINT WARNING * * *
You take 5 damage, and have 6/38 hp.
You hit the orc but do no damage. The orc barely misses you.
You hit the orc but do no damage. The orc hits you with a trident!
You die...

############# #.#
............####.#######
........................
..........#.####.#######
..............##.#
.#######.##.#.##.#
.#######.##.#.##.#
...............#o#
########.##.####@#
#.....# #.# ####### #.#
#.# #.. ###


You could see an orc.

Vanquished Creatures
  An orc wizard (D:3)
  4 adders
  A gnoll (D:1)
  3 oozes
  A worm (D:3)
  2 dart slugs (D:2)
  3 leopard geckos (D:2)
  3 orcs (D:3)
  A ball python (D:1)
  3 giant cockroaches
  2 goblins
  10 hobgoblins
  8 kobolds
  8 bats
  2 frilled lizards (D:1)
  7 rats
59 creatures vanquished.

Notes
Turn   | Place    | Note
-------+----------+-------------------------------------------
     0 | D:1      | mistymad the Draconian Conjurer began the quest for the Orb.
     0 | D:1      | Reached XP level 1. HP: 14/14 MP: 3/3
   141 | D:1      | Reached XP level 2. HP: 20/20 MP: 1/5
   680 | D:1      | Learned a level 2 spell: Searing Ray
   744 | D:1      | Reached XP level 3. HP: 26/26 MP: 1/7
   951 | D:1      | Learned a level 3 spell: Dazzling Spray
  1291 | D:2      | Found a blossoming altar of Fedhas.
  1291 | D:2      | Found a stormy altar of Qazlal.
  1316 | D:2      | Reached XP level 4. HP: 33/33 MP: 6/8
  1670 | D:2      | Reached skill level 5 in Conjurations
  2193 | D:3      | Noticed a hand axe
  2194 | D:3      | Noticed a dagger
  2194 | D:3      | Found a hide-covered altar of Uskayaw.
  2312 | D:3      | Found a transporter.
  2322 | D:3      | Noticed a kobold demonologist
  2331 | D:3      | Found a transporter.
  2391 | D:3      | Reached XP level 5. HP: 26/38 MP: 1/10
  2434 | D:3      | Slain by an orc

Skill      XL: |  1  2  3  4 |
---------------+-------------+-----
Spellcasting   | 3 |  3.8
Conjurations   | 5 |  5.3
Dodging        | |  1.7
Stealth        | |  1.7

Action                   |  1- 3 |  4- 6 || total
-------------------------+-------+-------++-------
Melee: Unarmed           |    26 |       ||    26
       Tailslap          |     3 |     2 ||     5
       Dagger            |       |    28 ||    28
       Short sword       |       |     3 ||     3
 Cast: Magic Dart        |    56 |    54 ||   110
       Searing Ray       |     1 |     6 ||     7
  Eat: Chunk             |     2 |     3 ||     5
Armor: Skin              |     9 |    26 ||    35
Dodge: Dodged            |    26 |    43 ||    69
